 Dungeon Crawl Stone Soup version 0.18-a0-670-g393520a (webtiles) character file.

39 Glider the Grave Robber (level 3, -5/28 HPs)
             Began as a Deep Dwarf Necromancer on Dec 6, 2015.
             Slain by Crazy Yiuf
             ... wielding a +2 quarterstaff of chaos
              (16 damage)
             ... on level 2 of the Dungeon.
             The game lasted 00:07:14 (1584 turns).

Glider the Grave Robber (Deep Dwarf Necromancer)    Turns: 1584, Time: 00:07:16

Health: -5/28      AC:  2    Str: 11    XL:     3   Next: 28%
Magic:  5/5        EV: 13    Int: 16    God:
Gold:   114        SH:  0    Dex: 13    Spells: 3 memorised, 0 levels left

rFire  . . .     SeeInvis .     n - +0 mace
rCold  . . .     Clarity  .     a - +0 robe
rNeg   . . .     SustAt   .     (no shield)
rPois  .         Gourm    .     (no helmet)
rElec  .         Spirit   .     (no cloak)
rCorr  .         Dismiss  .     (no gloves)
rMut   .         Stasis   .     (no boots)
MR     .....                    (no amulet)
Stlth  ++........               (no ring)
                                (no ring)

@: non-regenerating, not resistant to hostile enchantments, unstealthy
A: damage resistance, recharge devices, sense surroundings 1, slow regeneration
3
a: Device Recharging


You were on level 2 of the Dungeon.
You were not hungry.

You visited 1 branch of the dungeon, and saw 2 of its levels.

You collected 114 gold pieces.

Inventory:

Hand Weapons
 n - a +0 mace (weapon)
Armour
 a - a +0 robe (worn)
Wands
 c - a wand of heal wounds (5)
Scrolls
 e - 2 scrolls of identify {unknown}
 h - a scroll of enchant armour {unknown}
 l - 2 scrolls of noise {unknown}
 m - a scroll of teleportation {unknown}
Potions
 f - a potion of curing {unknown}
 g - a potion of magic {unknown}
 i - a potion of mutation {unknown}
 j - a potion of degeneration {unknown}
 k - 2 potions of might {unknown}
Books
 b - a book of Necromancy

   Spells                             Type                      Level
   a - Pain                           Necromancy                   1
   b - Animate Skeleton               Necromancy                   1
   c - Vampiric Draining              Necromancy                   3
   d - Regeneration                   Charms/Necromancy            3
   e - Animate Dead                   Necromancy                   4
   f - Control Undead                 Necromancy                   4
Comestibles
 d - 3 bread rations


   Skills:
 * Level 2.9 Dodging
 - Level 2.4 Stealth
 * Level 1.8 Spellcasting
 * Level 5.2 Necromancy


You couldn't memorise any spells.
You knew the following spells:

 Your Spells              Type           Power        Failure   Level  Hunger
a - Pain                  Necr           ###.         2%          1    ##.....
b - Animate Skeleton      Necr           N/A          2%          1    ##.....
c - Vampiric Draining     Necr           ###.......   10%         3    ####...


Dungeon Overview and Level Annotations

Branches:
Dungeon (2/15)

Altars:

Annotations:
D:2 Crazy Yiuf


Innate Abilities, Weirdness & Mutations

You are resistant to damage.
You can recharge devices by infusing magical energy.
You passively map a small area around you.
You do not regenerate naturally.


Message History

You don't have any such object.
Eat which item? (? for menu, Esc to quit)
You can't eat that!
You start resting.
Eating a chunk of flesh.
This raw flesh tastes terrible.
You continue eating. x2
Magic restored.
You see here 16 arrows.
Found a mace.
You see here a mace.
n - a mace
n - a +0 mace (weapon)
Found a mace.
Crazy Yiuf the Enlightened comes into view.
He is wielding a quarterstaff of chaos.
The helpless Crazy Yiuf fails to defend himself.
You hit Crazy Yiuf.
Crazy Yiuf is lightly wounded.
Crazy Yiuf hits you with a quarterstaff of chaos!
You are electrocuted!
Ouch! That really hurt!
You die...

#.# ♣...♣♣ #.# ♣♣.♣♣
########.# ♣.♣♣ #........#
♣♣.♣ * #........# ♣.♣♣ ,
#.....##.# ♣♣.♣ * #......).#
##.## ⌠#.....#..# #...#
#.....##.# #.@.# #.....##.#
#.g)# #..##....# ##### ⌠##.
#.#### 8###.*#.# * .... #.#
#.############ ,.... #.#
#....<.......##
#..#.##################.#.#.##
###....#.......# #............


You could see Crazy Yiuf.

Vanquished Creatures
  A giant gecko (D:1)
  A ball python (D:1)
  3 bats (D:1)
  4 giant cockroaches (D:1)
  10 hobgoblins
  2 jackals (D:1)
  4 giant newts (D:1)
  2 goblins
  2 kobolds (D:1)
  5 rats (D:1)
34 creatures vanquished.

Vanquished Creatures (collateral kills)
  A giant cockroach (D:1)
1 creature vanquished.

Grand Total: 35 creatures vanquished

Notes
Turn   | Place    | Note
--------------------------------------------------------------
     0 | D:1      | Glider the Deep Dwarf Necromancer began the quest for the Orb.
     0 | D:1      | Reached XP level 1. HP: 15/15 MP: 3/3
    26 | D:1      | Learned a level 1 spell: Animate Skeleton
   142 | D:1      | Reached XP level 2. HP: 14/22 MP: 0/4
   621 | D:1      | Reached skill level 5 in Necromancy
  1018 | D:1      | Reached XP level 3. HP: 11/28 MP: 3/5
  1023 | D:1      | Learned a level 3 spell: Vampiric Draining
  1578 | D:2      | Noticed Crazy Yiuf
  1584 | D:2      | Slain by Crazy Yiuf

Vault maps used:
D:1:      onia_arrival_larder, hangedman_decor_growths
D:2:      minitemple, nicolae_gozag_cash_rules_everything_around_me,
          uniq_crazy_yiuf_cottage

Action                   || total
-------------------------++-------
Melee: Unarmed           ||   122
       Mace              ||     1
 Cast: Pain              ||    26
       Animate Skeleton  ||     3
       Vampiric Draining ||     6
 Stab: Sleeping          ||     9
  Eat: Chunk             ||     4
